 Dungeon Crawl Stone Soup version 0.30-a0-845-g7c6808c8ce (webtiles) character file.

Game seed: 12572210940770850266

164 cforsyth the Sneak (level 5, -5/32 HPs)
             Began as a Kobold Brigand on Mar 2, 2023.
             Slain by an iguana (11 damage)
             ... on level 4 of the Dungeon.
             The game lasted 00:04:58 (3017 turns).

cforsyth the Sneak (Kobold Brigand)                 Turns: 3017, Time: 00:04:59

Health: -5/32      AC:  5    Str:  7 (8)  XL:     5   Next: 73%
Magic:  5/5        EV: 15    Int: 13      God:
Gold:   189        SH:  0    Dex: 17 (18) Spells: 4/4 levels left

rFire   . . .      SeeInvis .    a - +2 dagger
rCold   . . .      Faith    .    (no shield)
rNeg    + . .      Spirit   .    b - +0 robe
rPois   +          Reflect  .    (no helmet)
rElec   .          Rampage  .    c - +0 cloak
rCorr   .                        z - +0 pair of gloves
Will    .....                    o - +0 pair of boots
Stlth   +++++                    (no amulet)
HPRegen 0.25/turn                x - ring "Pukelar" {Drain rPois rN+ Stlth+}
MPRegen 0.09/turn                (no ring)

@: no status effects
A: small, no large weapons, nightstalker 3
a: no special abilities


You were on level 4 of the Dungeon.
You visited 1 branch of the dungeon, and saw 4 of its levels.

You collected 189 gold pieces.

Inventory:

Hand Weapons
 a - a +2 dagger (weapon)
Missiles
 d - 9 poisoned darts (quivered)
 e - 3 curare-tipped darts
Armour
 b - a +0 robe (worn)
 c - a +0 cloak (worn)
 o - a +0 pair of boots (worn)
 z - a +0 pair of gloves (worn)
Jewellery
 r - a ring of see invisible
 s - a ring of resist corrosion
 x - the ring "Pukelar" (left hand) {Drain rPois rN+ Stlth+}
   (You found it on level 4 of the Dungeon)

   [ring of positive energy]

   rPois:     It protects you from poison.
   rN:        It protects you from negative energy.
   Drain:     It drains your maximum health when unequipped.
   Stlth:     It makes you more stealthy.
Scrolls
 f - 6 scrolls of identify {unknown}
 g - 2 scrolls of teleportation {unknown}
 j - a scroll of enchant weapon {unknown}
 m - a scroll of torment {unknown}
 n - a scroll of magic mapping {unknown}
 q - a scroll of fog {unknown}
 u - a scroll of immolation {unknown}
 v - 2 scrolls of noise {unknown}
 w - a scroll of blinking {unknown}
 y - 2 scrolls of amnesia {unknown}
Potions
 h - 3 potions of brilliance {unknown}
 i - 2 potions of curing
 k - a potion of heal wounds
 l - a potion of magic {unknown}
 p - a potion of degeneration
 t - a potion of attraction
 A - a potion of lignification {unknown}
 B - a potion of ambrosia {unknown}


   Skills:
 + Level 3.5 Fighting
 + Level 4.3 Short Blades
 - Level 2.1 Throwing
 + Level 3.1 Dodging
 + Level 6.4 Stealth


You had 4 spell levels left.
You didn't know any spells.
Your spell library was empty.

Dungeon Overview and Level Annotations

Branches:
Dungeon (4/15)
 Temple: D:4-7

Altars:
Kikubaaqudgha


Innate Abilities, Weirdness & Mutations

You are small and have problems with some larger weapons.
You are completely attuned to the shadows.


Message History

An iguana is nearby!
An iguana is nearby!
You closely miss the iguana. The iguana bites you!
You hit the iguana.
The iguana is lightly wounded.
The iguana bites you.
You hit the iguana but do no damage.
The iguana is lightly wounded.
You hit the iguana.
The iguana is moderately wounded.
The iguana closely misses you.
You hit the iguana.
The iguana is heavily wounded.
The iguana closely misses you.
You barely miss the iguana. You punch the iguana, but do no damage.
The iguana is heavily wounded.
The iguana completely misses you.
You closely miss the iguana.
The iguana is heavily wounded.
The iguana bites you.
You are too injured to fight recklessly!
You are too injured to fight recklessly!
You are too injured to fight recklessly!
You are too injured to fight recklessly!
You are too injured to fight recklessly!
You are too injured to fight recklessly!
You are too injured to fight recklessly!
You are too injured to fight recklessly!
You are too injured to fight recklessly!
You are too injured to fight recklessly!
You hit the iguana.
The iguana is severely wounded.
You hit the iguana.
The iguana is almost dead.
The iguana bites you!
* * * LOW HITPOINT WARNING * * *
You hit the iguana but do no damage.
The iguana is almost dead.
The iguana bites you!
You die...

.... ##### # #...# #
#...## ## #....### #.#
####รท
#......######.####.)..
######.....##.##.).###
................###
..##@...........##
#.l......(.....#
................#
##...............####
#...................
.............)<.
................
......).........
#######.........


You could see an iguana.

Vanquished Creatures
  A lemure (D:3)
  2 orc priests
  2 adders
  3 worms
  2 dart slugs
  9 orcs
  7 endoplasms
  A giant cockroach (D:3)
  8 goblins
  5 hobgoblins
  A jackal (D:3)
  2 quokkas
  3 ball pythons
  6 bats
  3 frilled lizards
  8 kobolds
  2 rats
65 creatures vanquished.

Notes
Turn   | Place    | Note
-------+----------+-------------------------------------------
     0 | D:1      | cforsyth the Kobold Brigand began the quest for the Orb.
     0 | D:1      | Reached XP level 1. HP: 12/12 MP: 1/1
   208 | D:1      | Reached XP level 2. HP: 18/18 MP: 2/2
   860 | D:2      | Reached XP level 3. HP: 19/22 MP: 3/3
  1115 | D:2      | Found an ancient bone altar of Kikubaaqudgha.
  1509 | D:3      | Reached skill level 6 in Stealth
  1509 | D:3      | Reached XP level 4. HP: 27/27 MP: 4/4
  2081 | D:3      | Reached XP level 5. HP: 32/32 MP: 5/5
  2717 | D:4      | Noticed a lemure
  2718 | D:4      | Noticed a lemure
  2770 | D:3      | Killed a lemure
  2939 | D:4      | Identified the ring "Pukelar" {Drain rPois rN+ Stlth+}
  3017 | D:4      | Slain by an iguana

Illustrated notes

Levels and vault maps discovered:
D:1:      dpeg_arrival_tiny_h, layout_rooms
D:2:      layout_basic, basic_altar
D:3:      layout_basic, minmay_pentangle
D:4:      layout_rooms, serial_shops, shop, roderic_roman_lattice,
          cheibrodos_gnoll_hut, uniq_pikel

Skill      XL: |  1  2  3  4  5 |
---------------+----------------+-----
Short Blades   | 3 4 |  4.3
Dodging        | 2 3 |  3.1
Stealth        | 6 |  6.4
Fighting       | 3 |  3.5
Throwing       | |  2.1

Action                     |  1- 3 |  4- 6 || total
---------------------------+-------+-------++-------
  Melee: Dagger            |    73 |   151 ||   224
         Punch             |     1 |     2 ||     3
    Use: Potion            |       |     6 ||     6
   Stab: Sleeping          |    12 |    19 ||    31
         Distracted        |     1 |       ||     1
 Armour: Robe              |     8 |    21 ||    29
  Dodge: Dodged            |    31 |    76 ||   107

Table legend: (Time is in decaauts)
 A = Elapsed time spent in this place.
 B = Non-inter-level travel time spent in this place.
 C = Inter-level travel time spent in this place.
 D = Time resting spent in this place.
 E = Time spent auto-exploring this place.
 F = Levels seen in this place.
 G = Mean time per level.
                   A        B        C        D        E       F      G
               +--------+--------+--------+--------+--------+-----+--------+
         Total |   2962 |   2896 |     66 |    292 |   1933 |   4 |  740.5 |
       Dungeon |   2962 |   2896 |     66 |    292 |   1933 |   4 |  740.5 |
               +--------+--------+--------+--------+--------+-----+--------+

Top non-repeatable levels by time:
     D:2: 1045 daAuts
     D:3: 944 daAuts
     D:1: 587 daAuts
     D:4: 385 daAuts
